AoeStats
← Star

Lombardia

508589588Analyzed
2v2 RM · 8d ago on Sep 23, 2026· 40m 50s· 4 players
Game mode
Random Map
Map size
Medium (4 player)
Population
200
Speed
Normal
Resources
Standard
Victory
Conquest
Starting age
Dark Age
Ending age
Imperial Age
RankedLock teamsTeams togetherTeam positionsShared explorationLock speedFull tech treeHidden civsTurbo modeCheats
Victory
Defeat
🇨🇳 Franks · China
1061
+12
🇨🇳 Varangians · China
969
+16
🇧🇷 Mongols · Brazil
974
-14
🇧🇷 Wei · Brazil
973
-14
Cutin Mele
2:25 Loom
11:12 Feudal Age
11:58 Double-Bit Axe
11:54 Horse Collar
13:22 Wheelbarrow
13:34 Gold Mining
17:41 Stone Mining
22:03 Castle Age
20:43 Scale Barding Armor
20:54 Forging
21:21 Bloodlines
25:18 Bow Saw
25:13 Heavy Plow
25:26 Bow Saw
25:59 Husbandry
28:54 Gold Shaft Mining
29:09 Chain Barding Armor
31:56 Iron Casting
37:15 Hand Cart
36:46 Town Watch
38:21 Stone Shaft Mining
38:34 Padded Archer Armor
38:24 Fletching
LDRI | LucanoO
9:47 Loom
12:09 Feudal Age
13:50 Wheelbarrow
17:39 Double-Bit Axe
17:36 Horse Collar
21:29 Castle Age
20:12 Gold Mining
20:37 Scale Mail Armor
21:47 Forging
22:28 Scale Barding Armor
30:18 Gold Shaft Mining
30:07 Bow Saw
30:23 Pikeman
31:04 Squires
31:01 Arson
子厚
9:19 Loom
11:35 Feudal Age
17:57 Castle Age
18:09 Scale Barding Armor
18:15 Forging
23:31 Iron Casting
23:41 Double-Bit Axe
24:54 Bow Saw
26:29 Pikeman
27:22 Scale Mail Armor
30:35 Squires
30:21 Arson
32:57 Fletching
33:07 Padded Archer Armor
34:38 Sanctity
34:30 Bodkin Arrow
36:02 Ordonnance Companies
38:27 Leather Archer Armor
38:18 Husbandry
39:51 Chain Mail Armor
Star
4:33 Loom
11:52 Feudal Age
12:21 Double-Bit Axe
12:19 Horse Collar
19:25 Castle Age
17:49 Bloodlines
18:45 Forging
19:30 Gold Mining
20:31 Scale Barding Armor
22:06 Iron Casting
23:19 Bow Saw
23:52 Heavy Plow
27:09 Scale Mail Armor
27:54 Vendel Legacy
34:21 Chain Barding Armor
40:16 Imperial Age
40:30 Cavalier
42:14 Blast Furnace
Connection lost

Rejoining the realm…

Still unreachable

The connection could not be restored.

Session expired

The server has moved on; the page needs a fresh start.